 Dungeon Sprint DCSS version 0.27-a0-1502-g47ed6a6988 (webtiles) character file.

Game seed: 17022558291296467702

17787 mhtbhm the Severer (level 12, -1/122 HPs)
             Began as a Minotaur Fighter on July 8, 2021.
             Was the Champion of Makhleb.
             Slain by a deep troll shaman (15 damage)
             ... in the Dungeon (Sprint VII: "The Pits").
             The game lasted 00:04:59 (2438 turns).

mhtbhm the Severer (Minotaur Fighter)               Turns: 2438, Time: 00:05:00

Health: -1/122     AC: 26    Str: 30    XL:     12   Next: 22%
Magic:  13/14      EV:  9    Int:  5    God:    Makhleb [******]
Gold:   40         SH: 17    Dex:  9    Spells: 11/11 levels left

rFire    . . .     SeeInvis .   a - +1 broad axe (freeze)
rCold    . . .     Faith    .   c - +2 kite shield {reflect}
rNeg     . . .     Spirit   .   b - +3 plate armour
rPois    .         Reflect  +   (helmet restricted)
rElec    .         Harm     .   r - +0 cloak
rCorr    .         Rampage  .   s - +0 pair of gloves
Will     .....     NoTele   +   (no boots)
Stlth    ..........             (no amulet)
HPRegen  0.30/turn              n - +3 ring of protection
MPRegen  0.14/turn              o - +3 ring of strength

@: no status effects
A: horns 2, retaliatory headbutt
a: Renounce Religion, Minor Destruction, Lesser Servant of Makhleb, Major
Destruction, Greater Servant of Makhleb


You were in the Dungeon.
You worshipped Makhleb.
Makhleb was exalted by your worship.
You visited 1 branch You collected 40 gold pieces.

Inventory:

Hand Weapons
 a - a +1 broad axe of freezing (weapon)
Missiles
 D - 5 silver javelins (quivered)
Armour
 b - a +3 plate armour (worn)
 c - a +2 kite shield of reflection (worn)
 r - a +0 cloak (worn)
 s - a +0 pair of gloves (worn)
Jewellery
 n - a +3 ring of protection (left hand)
 o - a +3 ring of strength (right hand)
 w - a ring of fire
 y - an amulet of reflection
 z - a ring of ice
Scrolls
 j - 4 scrolls of enchant armour
 l - 5 scrolls of amnesia
 m - a scroll of summoning
 t - 4 scrolls of fog
 u - 5 scrolls of enchant weapon
 v - 3 scrolls of fear
 x - a scroll of identify
 B - a scroll of holy word
 C - a scroll of blinking
Potions
 d - 2 potions of might
 e - 7 potions of curing
 f - 15 potions of heal wounds
 g - 2 potions of haste
 h - 4 potions of magic
 i - 4 potions of berserk rage
 k - 2 potions of invisibility
 p - 5 potions of brilliance
 q - 2 potions of mutation
 A - a potion of attraction


   Skills:
 + Level 16.2 Fighting
 + Level 20.3 Axes
 + Level 16.1 Armour
 + Level 3.8 Dodging
 + Level 1.5 Stealth
 + Level 17.9 Shields
 * Level 4.6 Invocations


You had 11 spell levels left.
You didn't know any spells.
Your spell library was empty.

Dungeon Overview and Level Annotations

Branches:
Dungeon (1/1)

Altars:
Ashenzari
Cheibriados
Dithmenos
Elyvilon
Fedhas
Gozag
Hepliaklqana
Kikubaaqudgha
Makhleb
Nemelex Xobeh
Okawaru
Qazlal
Ru
Sif Muna
Trog
Uskayaw
Vehumet
Wu Jian
Xom
Yredelemnul
Zin
The Shining One
Beogh
Jiyva
Lugonu


Innate Abilities, Weirdness & Mutations

You have a pair of horns on your head.
You reflexively headbutt those who attack you in melee.


Message History

You block the deep troll's attack. You block the iron troll's attack.
The iron troll claws you but does no damage.
The iron troll misses you.
You barely miss the deep troll shaman.
Your headbutt misses the deep troll shaman.
The deep troll shaman is moderately wounded.
You hit the deep troll. You freeze the deep troll.
You barely miss the deep troll shaman. You hit the iron troll.
You block the deep troll's attack. x2
The deep troll claws you but does no damage.
The deep troll shaman calls upon its god to speed up the deep troll shaman.
The deep troll shaman seems to speed up.
The deep troll shaman closely misses you.
The deep troll shaman claws you but does no damage.
The deep troll shaman claws you.
* * * LOW HITPOINT WARNING * * *
The iron troll bites you!!
* * * LOW HITPOINT WARNING * * *
The iron troll barely misses you. You block the iron troll's attack.
Your plate armour prevents you from hitting the deep troll shaman.
The deep troll shaman is moderately wounded.
You slash the iron troll! You freeze the iron troll.
You slice the deep troll shaman!! You freeze the deep troll shaman.
You kill the deep troll shaman!
Makhleb accepts your kill.
You feel better.
You slash the deep troll! You freeze the deep troll.
The deep troll closely misses you. You block the deep troll's attack. x2
The deep troll shaman bites you!
* * * LOW HITPOINT WARNING * * *
The deep troll shaman claws you but does no damage. x2
Unknown command.
Unknown command.
You feel much better. You block the deep troll's attack.
The deep troll claws you.
* * * LOW HITPOINT WARNING * * *
The deep troll claws you.
* * * LOW HITPOINT WARNING * * *
You block the deep troll shaman's attack.
The deep troll shaman claws you!
You die...

+..........# #..#....#..#
#..........+ #..........+
###''####''#
###''####''#########
#......##...........
#.#T##.##...........
#.#@T'.##..######### #
+†T#.##..# #|='.##..#
#++########## +=:#.##..#
........##..# ##+#.##..#
.#......##..# ##..#
........''..# #[.#
........''..##########..#
.#......##..)...........#


You could see an iron troll (fast, strong), a deep troll (fast, strong) and a
deep troll shaman (fast, strong).

Vanquished Creatures
  A ghost moth (D)
  Azrael (D)
  A minotaur (D)
  A yaktaur captain (D)
  A two-headed ogre (D)
  2 death yaks (D)
  2 deep troll shamans (D)
  A swamp dragon (D)
  A phantasmal warrior (D)
  A deep elf pyromancer (D)
  A wolf spider (D)
  An orc knight (D)
  An orc sorcerer (D)
  A rust devil (D)
  2 smoke demons (D)
  A black mamba (shapeshifter) (D)
  An eye of devastation (D)
  2 ice devils (D)
  An efreet (D)
  A demonic crawler (D)
  A hellwing (D)
  Psyche (D)
  A guardian mummy (D)
  A jumping spider (D)
  2 trolls (D)
  A polar bear (D)
  A blink frog (D)
  A snapping turtle (D)
  A spriggan (D)
  A wraith (D)
  10 yaks (D)
  A fire bat (D)
  4 fire elementals (D)
  A chaos spawn (D)
  2 neqoxecs (D)
  An acid dragon (D)
  2 floating eyes (D)
  2 orc warriors (D)
  3 hell hounds (D)
  A swamp drake (D)
  2 ogres (D)
  A necrophage (D)
  A wolf (D)
  A centaur (D)
  2 phantoms (D)
  A bullfrog (D)
  4 orc priests (D)
  An iguana (D)
  An orc wizard (D)
  2 hell rats (D)
  2 gnolls (D)
  A river rat (D)
  2 ufetubi (D)
  A worm (D)
  6 orcs (D)
  A bat (D)
  A giant cockroach (D)
  3 hobgoblins (D)
  2 jackals (D)
  A ball python (D)
  A frilled lizard (D)
  A jackal skeleton (D)
  2 kobolds (D)
  2 rats (D)
104 creatures vanquished.

Vanquished Creatures (others)
  A manticore (D)
1 creature vanquished.

Grand Total: 105 creatures vanquished

Notes
Turn   | Place    | Note
-------+----------+-------------------------------------------
     0 | D        | mhtbhm the Minotaur Fighter began the quest for the Orb.
     0 | D        | Reached XP level 1. HP: 19/19 MP: 0/0
    15 | D        | Reached XP level 2. HP: 23/28 MP: 1/1
    67 | D        | Found a bloodstained altar of Trog.
    67 | D        | Found a shimmering blue altar of Sif Muna.
    67 | D        | Found a viscous altar of Jiyva.
    67 | D        | Found a hazy altar of Hepliaklqana.
    67 | D        | Found an opulent altar of Gozag.
    68 | D        | Found a glowing golden altar of the Shining One.
    68 | D        | Found a glowing silver altar of Zin.
    68 | D        | Found a basalt altar of Yredelemnul.
    68 | D        | Found a shimmering altar of Xom.
    68 | D        | Found an ornate altar of the Wu Jian Council.
    68 | D        | Found a sacrificial altar of Ru.
    68 | D        | Found a stormy altar of Qazlal.
    68 | D        | Found an iron altar of Okawaru.
    68 | D        | Found a sparkling altar of Nemelex Xobeh.
    68 | D        | Found a burning altar of Makhleb.
    68 | D        | Found a blossoming altar of Fedhas.
    68 | D        | Found a white marble altar of Elyvilon.
    68 | D        | Found a shadowy altar of Dithmenos.
    68 | D        | Found a snail-covered altar of Cheibriados.
    70 | D        | Found a radiant altar of Vehumet.
    70 | D        | Found a corrupted altar of Lugonu.
    71 | D        | Found a hide-covered altar of Uskayaw.
    71 | D        | Found an ancient bone altar of Kikubaaqudgha.
    71 | D        | Found a broken altar of Ashenzari.
    78 | D        | Became a worshipper of Makhleb the Destroyer
   123 | D        | Reached skill level 3 in Axes
   123 | D        | Reached skill level 5 in Armour
   229 | D        | Reached * piety under Makhleb
   257 | D        | Reached ** piety under Makhleb
   259 | D        | Reached skill level 5 in Shields
   266 | D        | Reached XP level 3. HP: 20/35 MP: 2/2
   455 | D        | Noticed an ogre
   463 | D        | Reached *** piety under Makhleb
   468 | D        | Killed an ogre
   469 | D        | Reached skill level 5 in Fighting
   469 | D        | Reached skill level 5 in Axes
   469 | D        | Reached XP level 4. HP: 37/44 MP: 3/3
   530 | D        | Reached **** piety under Makhleb
   551 | D        | Reached XP level 5. HP: 50/50 MP: 4/4
   553 | D        | Noticed a blink frog
   570 | D        | Killed a blink frog
   571 | D        | Reached skill level 8 in Axes
   571 | D        | Reached skill level 1 in Dodging
   571 | D        | Reached XP level 6. HP: 46/58 MP: 5/5
   633 | D        | Noticed a floating eye
   641 | D        | Paralysed by a floating eye for 4 turns
   642 | D        | Reached skill level 9 in Axes
   645 | D        | Reached ***** piety under Makhleb
   647 | D        | Killed a floating eye
   648 | D        | Reached skill level 10 in Armour
   648 | D        | Reached skill level 10 in Shields
   652 | D        | Reached skill level 10 in Axes
   652 | D        | Reached XP level 7. HP: 63/66 MP: 6/6
   683 | D        | Reached skill level 1 in Stealth
   834 | D        | Noticed a two-headed ogre
   839 | D        | Reached skill level 11 in Axes
   844 | D        | Killed a two-headed ogre
   845 | D        | Reached skill level 12 in Axes
   845 | D        | Reached XP level 8. HP: 48/75 MP: 7/7
   848 | D        | Reached ****** piety under Makhleb
   953 | D        | Noticed an orc sorcerer
   956 | D        | Noticed an orc knight
   967 | D        | Noticed a sixfirhy
   968 | D        | Killed an orc sorcerer
   969 | D        | Reached skill level 13 in Axes
   969 | D        | Reached XP level 9. HP: 56/83 MP: 8/8
   973 | D        | Killed an orc knight
   974 | D        | Reached skill level 14 in Axes
  1045 | D        | Noticed a deep elf pyromancer
  1053 | D        | Reached skill level 10 in Fighting
  1055 | D        | Killed a deep elf pyromancer
  1056 | D        | Reached skill level 15 in Axes
  1111 | D        | Noticed an ice devil
  1116 | D        | Killed an ice devil
  1117 | D        | Reached skill level 16 in Axes
  1117 | D        | Reached XP level 10. HP: 94/94 MP: 9/9
  1150 | D        | Noticed Azrael
  1156 | D        | Noticed a manticore
  1162 | D        | Killed Azrael
  1163 | D        | Reached skill level 17 in Axes
  1172 | D        | Killed a manticore
  1297 | D        | Noticed a rust devil
  1303 | D        | Killed a rust devil
  1304 | D        | Reached skill level 18 in Axes
  1306 | D        | Noticed a death yak
  1308 | D        | Noticed a fire crab
  1308 | D        | a shapeshifter changed into a fire crab
  1316 | D        | Noticed a black mamba
  1316 | D        | a fire crab changed into a black mamba
  1317 | D        | Killed a death yak
  1318 | D        | Reached skill level 15 in Shields
  1328 | D        | Killed a black mamba
  1442 | D        | Reached XP level 11. HP: 98/106 MP: 0/10
  1456 | D        | Killed a ghost moth
  1457 | D        | Reached skill level 19 in Axes
  1676 | D        | Noticed Psyche
  1686 | D        | Noticed a phantasmal warrior
  1690 | D        | Killed Psyche
  1698 | D        | Killed a phantasmal warrior
  1712 | D        | Paralysed by a floating eye for 2 turns
  1713 | D        | Reached skill level 15 in Armour
  1772 | D        | Noticed a wolf spider
  1782 | D        | Killed a wolf spider
  1966 | D        | Reached skill level 15 in Fighting
  1996 | D        | Noticed a minotaur
  2015 | D        | Killed a minotaur
  2016 | D        | Reached skill level 20 in Axes
  2293 | D        | Reached skill level 1 in Invocations
  2332 | D        | Noticed a death yak
  2344 | D        | Killed a death yak
  2345 | D        | Reached XP level 12. HP: 104/122 MP: 11/13
  2418 | D        | Noticed a yaktaur captain
  2418 | D        | Noticed a deep troll shaman
  2418 | D        | Noticed a deep troll shaman
  2418 | D        | Noticed a deep troll shaman
  2427 | D        | Killed a deep troll shaman
  2431 | D        | Killed a yaktaur captain
  2436 | D        | HP: 5/122 [iron troll (22)]
  2437 | D        | Killed a deep troll shaman
  2437 | D        | HP: 2/122 [deep troll shaman (11)]
  2438 | D        | Slain by a deep troll shaman

Illustrated notes

Levels and vault maps discovered:
D:        pitsprint [storerooms_1, entrance_room_1, metal_vault_6, armoury_1,
          mini_pit_1, grid_room_1, main_hall_1, silver_pit, the_coven_2,
          the_vestibule_1, steel_vault_1, golden_pit, hallway_of_sentries,
          crystal_vault_4, iron_vault_4, final_vault]

Skill      XL: |  1  2  3  4  5  6  7  8  9 10 11 12 |
---------------+-------------------------------------+-----
Fighting       | 4 5 6 7 8 9 10 12 15 16 | 16.2
Armour         | 4 5 7 9 10 12 13 14 15 16 | 16.1
Shields        | 4 5 7 9 10 12 13 15 17 | 17.9
Axes           | 3 5 8 10 12 13 16 18 20 | 20.3
Dodging        | 1 2 3 |  3.8
Stealth        | 1 |  1.5
Invocations    | 3 4 |  4.6

Action                   |  1- 3 |  4- 6 |  7- 9 | 10-12 || total
-------------------------+-------+-------+-------+-------++-------
Melee: War axe           |     2 |       |       |       ||     2
       Hand axe          |    26 |    32 |    14 |       ||    72
       Headbutt          |     4 |     3 |    13 |    63 ||    83
       Broad axe         |       |       |    50 |   215 ||   265
  Use: Potion            |       |     1 |       |     4 ||     5
       Scroll            |       |       |       |     1 ||     1
Armor: Scale mail        |     9 |       |       |       ||     9
       Plate armour      |       |    18 |    24 |   117 ||   159
Dodge: Dodged            |     8 |     8 |    18 |    60 ||    94
Block: Kite shield       |    15 |    14 |    36 |   151 ||   216

Table legend: (Time is in decaauts)
 A = Elapsed time spent in this place.
 B = Non-inter-level travel time spent in this place.
 C = Inter-level travel time spent in this place.
 D = Time resting spent in this place.
 E = Time spent auto-exploring this place.
 F = Levels seen in this place.
 G = Mean time per level.
                   A        B        C        D        E       F      G
               +--------+--------+--------+--------+--------+-----+--------+
         Total |   2383 |   2383 |      0 |   1362 |     88 |   1 | 2383.0 |
       Dungeon |   2383 |   2383 |      0 |   1362 |     88 |   1 | 2383.0 |
               +--------+--------+--------+--------+--------+-----+--------+

Top non-repeatable levels by time:
       D: 2383 daAuts
